 Dungeon Crawl Stone Soup version 0.31-a0-963-ga325b2283a (webtiles) character file.

Game seed: 9470217531701320938

210 croobank the Sneak (level 5, -1/47 HPs)
             Began as a Draconian Delver on Oct 24, 2023.
             Slain by a water moccasin zombie (7 damage)
             ... in an ossuary.
             The game lasted 00:04:14 (693 turns).

croobank the Sneak (Draconian Delver)                Turns: 693, Time: 00:04:15

Health: -1/47      AC:  5    Str: 14    XL:     5   Next: 56%
Magic:  5/5        EV: 13    Int: 10    God:
Gold:   30         SH:  0    Dex: 15    Spells: 4/4 levels left

rFire   . . .        a - +0 short sword
rCold   . . .        (no shield)
rNeg    . . .        (body armour unavailable)
rPois   .            (helmet restricted)
rElec   .            (no cloak)
rCorr   .            (no gloves)
SInv    .            (no boots)
Will    .....        (no amulet)
Stlth   +++          (no ring)
HPRegen 0.27/turn    (no ring)
MPRegen 0.09/turn

%: no passive effects
@: no status effects
A: AC +5, unfitting armour, cold-blooded
a: no special abilities


You were in an ossuary.
You visited 1 branch of the dungeon, and saw 2 of its levels.
You also visited: Ossuary.

You collected 30 gold pieces.

Inventory:

Hand Weapons
 a - a +0 short sword (weapon)
Jewellery
 g - a ring of protection from cold
Wands
 f - a wand of digging (3)
Scrolls
 b - a scroll of fog
 c - a scroll of revelation


   Skills:
 + Level 4.5 Fighting
 + Level 3.3 Short Blades
 + Level 3.0 Dodging
 + Level 5.3 Stealth


You had 4 spell levels left.
You didn't know any spells.
Your spell library was empty.

Dungeon Overview and Level Annotations

Branches:
Dungeon (6/15)             Temple (0/1) D:6         Ossuary (1/1)

Altars:
Okawaru
Wu Jian

Shops:
D:6 *


Innate Abilities, Weirdness & Mutations

Your plain brown scales are hard. (AC +5)
You cannot fit into any form of body armour.
You are cold-blooded and may be slowed by cold attacks.


Message History

The water moccasin zombie bites you.
You are too injured to fight recklessly!
You are too injured to fight recklessly!
You are too injured to fight recklessly!
You are too injured to fight recklessly!
You are too injured to fight recklessly!
You are too injured to fight recklessly!
You are too injured to fight recklessly!
You barely miss the water moccasin zombie.
The water moccasin zombie is heavily damaged.
The water moccasin zombie bites you.
You hit the water moccasin zombie.
The water moccasin zombie is heavily damaged.
The water moccasin zombie bites you.
You hit the water moccasin zombie.
The water moccasin zombie is severely damaged.
The water moccasin zombie bites you. x2
* * * LOW HITPOINT WARNING * * *
You barely miss the water moccasin zombie.
The water moccasin zombie is severely damaged.
The water moccasin zombie closely misses you.
You closely miss the water moccasin zombie.
Your tail-slap misses the water moccasin zombie.
The water moccasin zombie is severely damaged.
The water moccasin zombie bites you.
* * * LOW HITPOINT WARNING * * *
You aren't carrying any potions.
You hit the water moccasin zombie.
You punch the water moccasin zombie, but do no damage.
The water moccasin zombie is severely damaged.
The water moccasin zombie bites you.
* * * LOW HITPOINT WARNING * * *
You hit the water moccasin zombie.
You tail-slap the water moccasin zombie.
The water moccasin zombie is almost destroyed.
The water moccasin zombie barely misses you.
You closely miss the water moccasin zombie.
The water moccasin zombie is almost destroyed.
The water moccasin zombie bites you!
You die...

######################
#...#...#....#...#Z.∩#
#...'...'....'..@ZZ..#
#...#...#....#...#Z..#
###'##############+###
#...# #...# #...#
#...# ###'# #...#


You could see an adder zombie, a water moccasin zombie, a hobgoblin zombie and a
kobold zombie.

Vanquished Creatures
  3 water moccasin zombies (Ossuary)
  An adder (D:6)
  5 adder zombies (Ossuary)
  3 orcs (D:5)
  4 gnoll zombies (Ossuary)
  6 hobgoblin zombies (Ossuary)
  4 orc zombies (Ossuary)
26 creatures vanquished.

Notes
Turn   | Place    | Note
-------+----------+-------------------------------------------
     0 | D:5      | croobank the Draconian Delver began the quest for the Orb.
     0 | D:5      | Reached XP level 1. HP: 19/19 MP: 1/1
     3 | D:5      | Noticed an iguana
     4 | D:5      | Noticed an ogre
    16 | D:6      | Found Cegem's General Store.
    16 | D:6      | Found a staircase to the Ecumenical Temple.
    30 | D:6      | Reached XP level 2. HP: 14/26 MP: 2/2
   223 | D:5      | Found an iron altar of Okawaru.
   318 | D:5      | Found a sand-covered staircase.
   325 | Ossuary  | Entered an ossuary
   359 | Ossuary  | Reached XP level 3. HP: 17/33 MP: 3/3
   359 | Ossuary  | Reached XP level 4. HP: 21/40 MP: 4/4
   366 | Ossuary  | Reached skill level 5 in Stealth
   509 | Ossuary  | Reached XP level 5. HP: 38/46 MP: 5/5
   693 | Ossuary  | Slain by a water moccasin zombie

Illustrated notes

Levels and vault maps discovered:
D:5:      layout_basic, kennysheep_little_box, lemuel_round_altar,
          chequers_temple_overflow_statue_of_worship, enter_ossuary_4,
          supply_closet_lemuel
D:6:      layout_cave_pools, minmay_temple_entry_stoned_glass, serial_shops,
          shop, nicolae_lava_and_water
Ossuary:  ossuary_tomb_2

Skill      XL: |  1  2  3  4  5 |
---------------+----------------+-----
Dodging        | 2 3 |  3.0
Stealth        | 5 |  5.3
Fighting       | 4 |  4.5
Short Blades   | 3 |  3.3

Action                     |  1- 3 |  4- 6 || total
---------------------------+-------+-------++-------
  Melee: Short sword       |    58 |   135 ||   193
         Tailslap          |     8 |    26 ||    34
         Punch             |     1 |     3 ||     4
    Use: Scroll            |     1 |       ||     1
         Potion            |     1 |       ||     1
   Stab: Sleeping          |     1 |     3 ||     4
 Armour: Skin              |    34 |    51 ||    85
  Dodge: Dodged            |    22 |    54 ||    76

Table legend: (Time is in decaauts)
 A = Elapsed time spent in this place.
 B = Non-inter-level travel time spent in this place.
 C = Inter-level travel time spent in this place.
 D = Time resting spent in this place.
 E = Time spent auto-exploring this place.
 F = Levels seen in this place.
 G = Mean time per level.
                   A        B        C        D        E       F      G
               +--------+--------+--------+--------+--------+-----+--------+
         Total |    647 |    647 |      0 |    289 |      1 |   3 |  215.7 |
       Dungeon |    320 |    320 |      0 |    132 |      0 |   2 |  160.0 |
       Ossuary |    326 |    326 |      0 |    157 |      1 |   1 |  326.0 |
               +--------+--------+--------+--------+--------+-----+--------+

Top non-repeatable levels by time:
 Ossuary: 326 daAuts
     D:6: 178 daAuts
     D:5: 141 daAuts
